 Dungeon Crawl Stone Soup version 0.28.0-53-g5a82cb258f (webtiles) character file.

Game seed: 12211713933962999721

119 safid the Digger (level 5, -28/31 HPs)
             Began as a Gargoyle Earth Elementalist on Sept 6, 2022.
             Was an Initiate of Vehumet.
             Killed from afar by Ijyb (31 damage)
             ... with a bolt of acid
             ... on level 4 of the Dungeon.
             The game lasted 00:03:47 (3946 turns).

safid the Digger (Gargoyle Earth Elementalist)      Turns: 3946, Time: 00:03:47

Health: -28/31     AC:  7    Str: 12    XL:     5   Next: 3%
Magic:  6/9        EV: 11    Int: 17    God:    Vehumet [......]
Gold:   176        SH:  0    Dex: 10    Spells: 5/9 levels left

rFire   . . .      SeeInvis .   g - +2 short sword (flame)
rCold   . . .      Faith    .   (no shield)
rNeg    + . .      Spirit   .   d - +0 leather armour
rPois   ∞          Reflect  .   (no helmet)
rElec   +          Harm     .   (no cloak)
rCorr   .          Rampage  .   (no gloves)
Will    .....                   (no boots)
Stlth   ++........              (no amulet)
HPRegen 0.10/turn               (no ring)
MPRegen 0.11/turn               (no ring)

@: no status effects
A: sickness immunity, AC +4, negative energy resistance 1, electricity
resistance, torment resistance 1, petrification resistance
a: Renounce Religion


You were on level 4 of the Dungeon.
You worshipped Vehumet.
Vehumet was noncommittal.
You visited 2 branches of the dungeon, and saw 5 of its levels.

You collected 176 gold pieces.

Inventory:

Hand Weapons
 g - a +2 short sword of flaming (weapon)
Missiles
 c - 163 stones
Armour
 d - a +0 leather armour (worn)
Scrolls
 b - a scroll of holy word {unknown}
 f - 3 scrolls of identify {unknown}
 h - a scroll of magic mapping {unknown}
 j - a scroll of vulnerability {unknown}
 k - 2 scrolls of teleportation {unknown}
 l - a scroll of enchant armour {unknown}
Potions
 a - 3 potions of curing {unknown}
 e - 2 potions of degeneration {unknown}
 i - a potion of lignification {unknown}


   Skills:
 + Level 2.3 Fighting
 + Level 0.4 Armour
 - Level 2.0 Dodging
 - Level 2.1 Stealth
 + Level 2.9 Spellcasting
 + Level 0.6 Conjurations
 - Level 0.7 Transmutations
 + Level 4.6 Earth Magic


You had 5 spell levels left.
You knew the following spells:

 Your Spells              Type           Power      Damage    Failure   Level
a - Sandblast             Erth           36%        2d10      3%          1
b - Stone Arrow           Conj/Erth      22%        3d8       22%         3

Your spell library contained the following spells:

 Spells                   Type           Power      Damage    Failure   Level
 Passwall                 Tmut/Erth      9%         N/A       11%         2
 Slow                     Hex            8%         N/A       22%         1
 Scorch                   Fire           4%         2d5       34%         2
 Confusing Touch          Hex            2%         N/A       56%         3
 Vampiric Draining        Necr           2%         2d6       56%         3
 Petrify                  Tmut/Erth      11%        N/A       58%         4
 Flame Wave               Conj/Fire      3%         2d4       89%         4
 Summon Cactus Giant      Summ           1%         N/A       100%        6


Dungeon Overview and Level Annotations

Branches:
Dungeon (4/15)             Temple (1/1) D:4

Altars:
Ashenzari
Cheibriados
Dithmenos
Fedhas
Hepliaklqana
Kikubaaqudgha
Makhleb
Nemelex Xobeh
Okawaru
Qazlal
Ru
Sif Muna
Trog
Uskayaw
Vehumet
Wu Jian
Xom
Yredelemnul
Zin
The Shining One

Annotations:
D:3 3 runed translucent doors, firemarshallily's ghost, weakling NaVM
D:4 Ijyb


Innate Abilities, Weirdness & Mutations

You are immune to sickness and miasma.
Your stone body is resilient. (AC +4)
You are immune to poison.
You resist negative energy. (rN+)
You are resistant to electric shocks. (rElec)
You are resistant to unholy torment.
You are immune to petrification.


Message History

Found 19 stones.
Ijyb barely misses you.
You hit Ijyb but do no damage.
Ijyb zaps a wand.
The bolt of acid hits you!!
Ouch! That really hurt!
* * * LOW HITPOINT WARNING * * *
You are too injured to fight recklessly!
You are too injured to fight recklessly!
You are too injured to fight recklessly!
You are too injured to fight recklessly!
You are too injured to fight recklessly!
You are too injured to fight recklessly!
You are too injured to fight recklessly!
Unknown command.
Casting: Sandblast (safe; 3% risk of failure)
Confirm with . or Enter, or press ? or * to list all spells.
Aiming: Sandblast (safe; 3% risk of failure)
Press: ? - help, Shift-Dir - straight line, f - Ijyb
Aim: Ijyb, wielding a +0 club, wearing a +0 leather armour and carrying a wand of acid (3) (74% to hit)
The blast of sand misses Ijyb.
Ijyb closely misses you.
The giant cockroach bites you but does no damage.
Unknown command.
Casting: Sandblast (safe; 3% risk of failure)
Confirm with . or Enter, or press ? or * to list all spells.
Aiming: Sandblast (safe; 3% risk of failure)
Press: ? - help, Shift-Dir - straight line, f/p - Ijyb
Aim: Ijyb, wielding a +0 club, wearing a +0 leather armour and carrying a wand of acid (3) (74% to hit)
The blast of sand hits Ijyb!
Ijyb is moderately wounded.
The giant cockroach misses you. Ijyb screams, "I cut your head off!"
Ijyb hits you with a +0 club.
* * * LOW HITPOINT WARNING * * *
Casting: Sandblast (safe; 3% risk of failure)
Confirm with . or Enter, or press ? or * to list all spells.
Aiming: Sandblast (safe; 3% risk of failure)
Press: ? - help, Shift-Dir - straight line, f/p - Ijyb
Aim: Ijyb, wielding a +0 club, wearing a +0 leather armour and carrying a wand of acid (3) (moderately wounded, 74% to hit)
The blast of sand misses Ijyb.
The giant cockroach misses you.
Ijyb zaps a wand.
The bolt of acid hits you!!
Ouch! That really hurt!
You die...

+.........# #..
##...⌠.>.⌠# #..
#........####...
...
#.....⌠.........
#........####.##
#........#
#........#
#........#
#.......@#
#...)..Bg...(.#
..............#
............##
..............
###############


You could see Ijyb and a giant cockroach.

Vanquished Creatures
  5 adders
  A white imp (D:4)
  A worm (D:2)
  2 dart slugs (D:3)
  5 orcs
  2 endoplasms
  6 giant cockroaches
  5 goblins
  2 hobgoblins (D:1)
  8 jackals
  3 quokkas
  2 ball pythons (D:1)
  A bat (D:1)
  2 frilled lizards
  3 kobolds
  4 rats
52 creatures vanquished.

Notes
Turn   | Place    | Note
-------+----------+-------------------------------------------
     0 | D:1      | safid the Gargoyle Earth Elementalist began the quest for
                  | the Orb.
     0 | D:1      | Reached XP level 1. HP: 10/10 MP: 3/3
   455 | D:1      | Reached XP level 2. HP: 16/16 MP: 5/5
   790 | D:1      | Reached skill level 1 in Fighting
  1323 | D:2      | Reached skill level 4 in Earth Magic
  1391 | D:2      | Reached XP level 3. HP: 20/20 MP: 6/6
  1994 | D:2      | Reached XP level 4. HP: 24/26 MP: 6/8
  2673 | D:2      | Learned a level 3 spell: Stone Arrow
  2796 | D:3      | Found a faded altar of an unknown god.
  2813 | D:3      | Found a runed translucent gate.
  2814 | D:3      | Found a runed translucent gate.
  2814 | D:3      | Found a runed translucent gate.
  3197 | D:3      | Noticed firemarshallily's ghost (weakling NaVM)
  3520 | D:4      | Reached XP level 5. HP: 31/31 MP: 9/9
  3529 | D:4      | Found a staircase to the Ecumenical Temple.
  3545 | Temple   | Entered the Ecumenical Temple
  3643 | Temple   | Became a worshipper of Vehumet
  3938 | D:4      | Noticed Ijyb
  3946 | D:4      | Killed from afar by Ijyb

Illustrated notes

Levels and vault maps discovered:
D:1:      lemuel_arrival_tunnels, layout_loops_ring, amethyst_killhole
D:2:      layout_loops_corners
D:3:      layout_basic, nicolae_ecumenical_oubliette,
          gammafunk_ghost_necromancy, grunt_ministairs_9, hex_medium,
          lemuel_old_faithful
D:4:      layout_basic, temple_fountains, uniq_ijyb, uniq_crazy_yiuf_cottage,
          uniq_natasha
Temple:   mainiacjoe_temple_cubbyholes

Skill      XL: |  1  2  3 |
---------------+----------+-----
Fighting       | 1 2 |  2.3
Earth Magic    | 4 |  4.6
Dodging        | 2 |  2.0
Armour         | |  0.4
Stealth        | |  2.1
Spellcasting   | |  2.9
Conjurations   | |  0.6
Transmutations | |  0.7

Action                   |  1- 3 |  4- 6 || total
-------------------------+-------+-------++-------
Melee: Long sword        |    37 |       ||    37
       Short sword       |    59 |    55 ||   114
       Punch             |       |     1 ||     1
 Cast: Sandblast         |     4 |     5 ||     9
 Stab: Sleeping          |     1 |     1 ||     2
Armor: Leather armour    |    38 |    24 ||    62
Dodge: Dodged            |    47 |    50 ||    97
